 Dungeon Crawl Stone Soup version 0.17-a0-910-ga669010 (webtiles) character file.

14039 imraulkays the Fighter (level 12, 0/80 HPs)
             Began as a Gargoyle Berserker on May 2, 2015.
             Was a High Priest of Trog.
             Splashed by an oklob plant's acid (6 damage)
             ... on level 3 of the Lair of Beasts.
             The game lasted 00:50:11 (11794 turns).

imraulkays the Fighter (Gargoyle Berserker)        Turns: 11794, Time: 00:50:12

Health: 0/80       AC: 14    Str: 22    XL:     12   Next: 12%
Magic:  12/12      EV: 13    Int:  8    God:    Trog [*****.]
Gold:   707        SH:  0    Dex: 16    Spells: 0 memorised, 11 levels left

rFire  . . .     SeeInvis .     o - +2 demon whip (vamp)
rCold  + . .     Clarity  +     w - +0 plate armour
rNeg   + . .     SustAb   +     (no shield)
rPois  ∞         Gourm    .     (no helmet)
rElec  +         Spirit   .     A - +0 cloak
rCorr  .         Warding  .     D - +0 pair of gloves
rMut   .         Stasis   .     s - +1 pair of boots
MR     ++...                    (no amulet)
Stlth  ..........               J - +3 ring of dexterity
                                l - ring of sustain abilities

@: exhausted, about to teleport, corroded equipment, regenerating, slowed, very
slow, very resistant to hostile enchantments, extremely unstealthy
A: repulsion field 1, clarity, cold resistance 1, negative energy resistance 1,
electricity resistance, unbreathing, petrification resistance, rot immunity, AC
+8
a: Burn Spellbooks, Berserk, Trog's Hand, Brothers in Arms, Renounce Religion


You were on level 3 of the Lair of Beasts.
You worshipped Trog.
Trog was extremely pleased with you.
You were near starving.

You visited 2 branches of the dungeon, and saw 12 of its levels.

You collected 707 gold pieces.

Inventory:

Hand weapons
 o - a +2 vampiric demon whip (weapon)
 x - a +2 mace
Armour
 s - a +1 pair of boots (worn)
 w - a +0 plate armour (worn)
 A - a +0 cloak (worn)
 D - a +0 pair of gloves (worn)
Jewellery
 b - an uncursed ring of positive energy
 l - a ring of sustain abilities (left hand)
 J - a +3 ring of dexterity (right hand)
 N - the ring "Koutzod" {rElec rPois rC+ Str-4, unknown}
   (You found it on level 3 of the Lair of Beasts)

   [ring of protection from cold]

   It affects your strength (-4).
   It protects you from cold.
   It insulates you from electricity.
   It protects you from poison.
Magical devices
 a - a wand of confusion (2)
 m - a wand of flame (17)
 v - a wand of polymorph (10)
 y - a wand of paralysis (13)
 C - a wand of lightning (8)
 I - a wand of slowing (36)
 L - a wand of random effects (8)
 P - a wand of lightning (15)
Scrolls
 e - 3 scrolls of identify
 h - 5 scrolls of remove curse
 i - a scroll of enchant weapon
 t - 2 scrolls of teleportation
 G - 3 scrolls of recharging
Potions
 f - a potion of might
 k - 4 potions of haste
 n - 3 potions of curing
 p - a potion of ambrosia
 z - a potion of cancellation
 H - a potion of experience
 O - a potion of cure mutation
Books
 q - a book of Burglary

   Spells                             Type                      Level
   a - Swiftness                      Charms/Air                   2
   b - Passwall                       Transmutation/Earth          3
   c - Passage of Golubria            Translocation                4
   d - Lee's Rapid Deconstruction     Earth                        5
   e - Invisibility                   Hexes                        6
   f - Darkness                       Hexes                        7
   Trog disapproves of the use of such an item.
 E - a book of the Dragon

   Spells                             Type                      Level
   a - Flight                         Charms/Air                   3
   b - Cause Fear                     Hexes                        4
   c - Bolt of Fire                   Conjuration/Fire             6
   d - Dragon Form                    Transmutation                7
   e - Dragon's Call                  Summoning                    9
   Trog disapproves of the use of such an item.
 F - a book of Flames

   Spells                             Type                      Level
   a - Flame Tongue                   Conjuration/Fire             1
   b - Throw Flame                    Conjuration/Fire             2
   c - Conjure Flame                  Conjuration/Fire             3
   d - Inner Flame                    Hexes/Fire                   3
   e - Sticky Flame                   Conjuration/Fire             4
   f - Fireball                       Conjuration/Fire             5
   Trog disapproves of the use of such an item.
Comestibles
 c - 8 bread rations
 g - 8 beef jerkies
 j - 2 slices of pizza
 u - 4 meat rations
 B - 3 royal jellies


   Skills:
 + Level 11.0 Fighting
 + Level 10.1 Maces & Flails
 + Level 10.9 Armour
 + Level 8.3 Dodging


You had 11 spell levels left.
You didn't know any spells.

Dungeon Overview and Level Annotations

Branches:
Dungeon (9/15)             Temple (0/1) D:4            Lair (3/8) D:9
  Swamp: Lair:3-6    Shoals: Lair:3-6     Snake: Lair:3-6    Spider: Lair:3-6
    Orc: D:9-12

Altars:
Fedhas
Gozag
Vehumet
The Shining One

Shops:
D:7 (

Annotations:
Lair:3 exclusion: oklob plant


Innate Abilities, Weirdness & Mutations

You are resistant to torment.
Your stone body is resilient (AC +8).
You are immune to poison.
You resist negative energy.
You are resistant to electric shocks.
You can survive without breathing.
You are immune to petrification.
You are immune to rotting.
You are surrounded by a mild repulsion field (EV +2).
You possess an exceptional clarity of mind.
Your flesh is cold resistant.


Message History

The oklob plant spits acid at you. The splash of acid hits you!
The acid corrodes your equipment!
The acid burns!
You hit the oklob plant but do no damage.
The oklob plant is heavily damaged.
The oklob plant spits acid at you. The splash of acid hits you!
The acid burns!
You hit the oklob plant but do no damage.
The oklob plant is heavily damaged.
You whack the oklob plant!
The oklob plant is severely damaged.
The oklob plant spits acid at you. The splash of acid hits you!
* * * LOW HITPOINT WARNING * * *
The acid corrodes your equipment!
The acid burns!
* * * LOW HITPOINT WARNING * * *
As you read the scroll of teleportation, it crumbles to dust.
You feel strangely unstable. The oklob plant spits acid at you.
The splash of acid hits you! The acid corrodes your equipment!
The acid burns!
You die...

..........#.#.#
###..#.......######## #
#.................#
#.........P.......#
##.........%.(....#
#.........$....(..# #
##........>.......## #
##................# #
#.P...<.<.<.@.P..# #
#...............## #
#.......>.......##
#................# ###
#..............?##* ***
..###.....$...........***,***
......................,,,,,,*
......................,,,,,,**
....................,,,,,,,,,*


You could see an oklob plant.

Vanquished Creatures
  The ghost of xeno23 the Basher, a powerful OgWz of Okawaru (D:9)
  A hydra (Lair:2)
  The ghost of stickyfingers the Nimble, an experienced DEAs of Fedhas (D:8)
  An oklob plant (Lair:3)
  Maurice (D:8)
  A black mamba (Lair:1)
  A spiny frog (Lair:2)
  3 komodo dragons
  2 blink frogs (Lair:1)
  Prince Ribbit (Lair:1)
  A polar bear (Lair:2)
  A deep elf mage (D:9)
  15 yaks
  3 hippogriffs
  4 wolves (Lair:2)
  A hungry ghost (D:8)
  4 black bears
  2 sky beasts
  2 water moccasins (Lair:1)
  2 phantoms (D:8)
  2 orc warriors
  5 porcupines
  2 centaurs
  7 ogres
  5 crocodiles
  12 giant frogs
  2 big kobolds
  4 scorpions
  4 wights (D:7)
  2 crimson imps
  2 giant frog zombies (D:5)
  2 jellies
  10 orc wizards
  7 iguanas
  7 hounds
  9 orc priests
  A centaur skeleton (D:9)
  A quasit (D:9)
  8 worker ants
  A gnoll shaman (D:5)
  A hound skeleton (D:7)
  5 gnolls (D:5)
  18 adders
  14 river rats
  A shadow imp (D:6)
  2 oozes (D:1)
  2 adder skeletons
  6 giant geckos
  39 orcs
  9 bats
  A bat skeleton (D:5)
  A bat zombie (D:8)
  4 giant cockroaches
  15 goblins
  7 hobgoblins
  5 jackals
  3 ball pythons
  6 giant newts
  18 kobolds
  6 quokkas
  12 rats
  2 fungi
318 creatures vanquished.

Notes
Turn   | Place    | Note
--------------------------------------------------------------
     0 | D:1      | imraulkays, the Gargoyle Berserker, began the quest for the Orb.
     0 | D:1      | Reached XP level 1. HP: 14/14 MP: 1/1
   111 | D:1      | Reached XP level 2. HP: 14/19 MP: 2/2
   552 | D:1      | Reached XP level 3. HP: 23/23 MP: 3/3
  1254 | D:1      | Gained mutation: You are surrounded by a mild repulsion field (EV +2). [potion of beneficial mutation]
  1325 | D:2      | Acquired Trog's second power
  1599 | D:2      | Reached XP level 4. HP: 20/29 MP: 4/4
  1890 | D:2      | Reached skill level 4 in Fighting
  2398 | D:3      | Reached XP level 5. HP: 29/33 MP: 5/5
  2970 | D:3      | Found a radiant altar of Vehumet.
  2971 | D:3      | Found a glowing golden altar of the Shining One.
  3036 | D:3      | Reached XP level 6. HP: 36/39 MP: 6/6
  3649 | D:4      | Reached XP level 7. HP: 40/44 MP: 7/7
  3697 | D:4      | Reached skill level 5 in Fighting
  3933 | D:4      | You fall through a shaft!
  3933 | D:5      | Entered Level 5 of the Dungeon
  4096 | D:4      | Reached skill level 5 in Maces & Flails
  4109 | D:4      | Found a staircase to the Ecumenical Temple.
  4147 | D:4      | Acquired Trog's third power
  4809 | D:5      | Reached skill level 5 in Armour
  4940 | D:5      | Found a blossoming altar of Fedhas.
  5047 | D:5      | Reached XP level 8. HP: 41/51 MP: 8/8
  5388 | D:5      | Gained mutation: Your flesh is cold resistant. [potion of beneficial mutation]
  5464 | D:5      | Reached skill level 6 in Fighting
  6271 | D:6      | Reached XP level 9. HP: 56/56 MP: 9/9
  6439 | D:6      | Reached skill level 5 in Dodging
  6581 | D:6      | Reached skill level 7 in Fighting
  7017 | D:7      | Found Doidom's Weapon Boutique.
  7120 | D:7      | Received a gift from Trog
  7452 | D:7      | Reached skill level 8 in Armour
  7458 | D:7      | Reached XP level 10. HP: 64/64 MP: 10/10
  8103 | D:8      | Noticed stickyfingers's ghost (experienced DEAs)
  8144 | D:8      | Killed stickyfingers's ghost
  8383 | D:8      | Noticed Maurice
  8401 | D:8      | Killed Maurice
  8510 | D:8      | Found an opulent altar of Gozag.
  8754 | D:8      | Reached skill level 9 in Armour
  9260 | D:9      | Noticed xeno23's ghost (powerful OgWz)
  9274 | D:9      | Killed xeno23's ghost
  9274 | D:9      | Reached XP level 11. HP: 71/71 MP: 11/11
  9307 | D:9      | Found a staircase to the Lair.
  9637 | Lair:1   | Entered Level 1 of the Lair of Beasts
  9982 | Lair:1   | Reached skill level 10 in Fighting
 10094 | Lair:1   | Noticed Prince Ribbit
 10115 | Lair:1   | Killed Prince Ribbit
 10115 | Lair:1   | Reached skill level 10 in Armour
 10420 | Lair:2   | Noticed a seven-headed hydra
 10429 | Lair:2   | Killed a seven-headed hydra
 10641 | Lair:2   | Gained mutation: You possess an exceptional clarity of mind. [potion of beneficial mutation]
 11434 | Lair:3   | Got a clouded tin ring
 11542 | Lair:3   | Received a gift from Trog
 11566 | Lair:3   | Reached XP level 12. HP: 79/79 MP: 12/12
 11580 | Lair:3   | Reached skill level 10 in Maces & Flails
 11620 | Lair:3   | Reached skill level 11 in Fighting
 11792 | Lair:3   | HP: 3/80 [acid (11)]
 11794 | Lair:3   | Splashed by an oklob plant's acid

Action                   |  1- 3 |  4- 6 |  7- 9 | 10-12 || total
-------------------------+-------+-------+-------+-------++-------
Melee: Mace              |   118 |   136 |    18 |       ||   272
       Hand axe          |       |    15 |       |       ||    15
       Flail             |       |    42 |   404 |       ||   446
       Demon whip        |       |       |    57 |   743 ||   800
Invok: Berserk           |     2 |     3 |    12 |     8 ||    25
       Trog's Hand       |       |     1 |       |     2 ||     3
Evoke: Wand              |       |       |     2 |       ||     2
  Use: Scroll            |     4 |     2 |     6 |    13 ||    25
       Potion            |     1 |       |     1 |     3 ||     5
  Eat: Chunk             |     4 |     8 |    25 |    15 ||    52
       Fruit             |       |     2 |     6 |     2 ||    10
       Meat ration       |       |       |       |     1 ||     1
